 Dungeon Crawl Stone Soup version 0.26.0-10-g1f06aea511 (webtiles) character file.

Game seed: 11917699073463160446

114 Arum the Shield-Bearer (level 4, -8/29 HPs)
             Began as a Gargoyle Fighter on Jan 17, 2021.
             Killed from afar by an orc wizard (10 damage)
             ... with a puff of flame
             ... on level 3 of the Dungeon.
             The game lasted 00:02:01 (2061 turns).

Arum the Shield-Bearer (Gargoyle Fighter)           Turns: 2061, Time: 00:02:01

Health: -8/29      AC: 10    Str: 17 (20) XL:     4   Next: 98%
Magic:  4/4        EV:  7    Int:  6 (9)  God:
Gold:   191        SH:  8    Dex:  6 (9)  Spells: 3/3 levels left

rFire    . . .     SeeInvis .   a - +0 flail
rCold    . . .     Faith    .   c - +0 kite shield
rNeg     + . .     Spirit   .   b - +0 scale mail
rPois    ∞         Reflect  .   (no helmet)
rElec    +         Harm     .   (no cloak)
rCorr    .         Rampage  .   (no gloves)
Will     .....                  (no boots)
Stlth    ..........             (no amulet)
HPRegen  0.09/turn              (no ring)
MPRegen  0.09/turn              (no ring)

@: no status effects
A: negative energy resistance 1, electricity resistance, unbreathing,
petrification resistance, miasma immunity, AC +3
a: no special abilities


You were on level 3 of the Dungeon.
You visited 1 branch of the dungeon, and saw 3 of its levels.

You collected 191 gold pieces.

Inventory:

Hand Weapons
 a - a +0 flail (weapon)
Missiles
 k - 9 javelins (quivered)
Armour
 b - a +0 scale mail (worn)
 c - a +0 kite shield (worn)
Scrolls
 f - a scroll of enchant weapon {unknown}
 h - 4 scrolls of teleportation {unknown}
 i - 2 scrolls of remove curse
 j - a scroll of fear {unknown}
 l - 5 scrolls of identify {unknown}
 n - 2 scrolls of blinking {unknown}
 p - a scroll of noise {unknown}
Potions
 d - 2 potions of might
 e - 2 potions of haste
 g - a potion of degeneration


   Skills:
 + Level 4.1 Fighting
 + Level 2.9 Maces & Flails
 + Level 4.1 Armour
 + Level 4.1 Shields


You had 3 spell levels left.
You didn't know any spells.
Your spell library contained the following spells:

 Spells                   Type           Power        Failure   Level
 Confusing Touch          Hex            0%           100%        3
 Gell's Gravitas          Tloc           0%           100%        3
 Petrify                  Tmut/Erth      0%           100%        4
 Metabolic Englaciation   Hex/Ice        0%           100%        5
 Yara's Violent Unravell  Hex/Tmut       0%           100%        5


Dungeon Overview and Level Annotations

Branches:
Dungeon (3/15)

Altars:


Innate Abilities, Weirdness & Mutations

You are resistant to torment.
Your stone body is resilient. (AC +3)
You are immune to poison.
You resist negative energy. (rN+)
You are resistant to electric shocks. (rElec)
You can survive without breathing.
You are immune to petrification.
You are immune to miasma.


Message History

You feel yourself slow down.
You feel a little less clever now.
Your resistance to elements expires.
The orc wizard hits you but does no damage.
The orc wizard points at you and mumbles some strange words.
The magic dart hits you but does no damage.
Unknown command.
Okay, then.
Unknown command.
Unknown command.
Unknown command.
Unknown command.
Unknown command.
Unknown command.
Okay, then.
Unknown command.
As you read the scroll labelled KUOVEAFIZO, it crumbles to dust.
You feel blessed for a moment.
It was a scroll of remove curse.
The orc wizard points at you and mumbles some strange words.
The puff of flame hits you!
You die...

.#.### #..#
.#.#
########..#
.#..
....>.†...#
...#
#########.#
.#.# #.#
.#.# #.#
.#.# #.#
#.########
#.@ohSg...
####hhr...


lS... .... ... .. . You could see an orc wizard (fast), 2 adders, a quokka, 3
jackals, a hobgoblin and a frilled lizard.

Vanquished Creatures
  A hound (D:3)
  2 adders (D:3)
  An ooze (D:1)
  2 dart slugs
  2 worms (D:2)
  2 leopard geckos
  6 orcs (D:3)
  3 giant cockroaches
  3 goblins (D:1)
  4 hobgoblins
  4 kobolds
  A quokka (D:3)
  5 bats
  6 frilled lizards
  6 rats
48 creatures vanquished.

Notes
Turn   | Place    | Note
-------+----------+-------------------------------------------
     0 | D:1      | Arum the Gargoyle Fighter began the quest for the Orb.
     0 | D:1      | Reached XP level 1. HP: 14/14 MP: 1/1
    54 | D:1      | Reached XP level 2. HP: 19/19 MP: 2/2
   550 | D:1      | Reached XP level 3. HP: 23/23 MP: 3/3
  1751 | D:3      | Reached XP level 4. HP: 27/29 MP: 4/4
  2054 | D:3      | HP: 1/29 [orc wizard/+0 dagger (1)]
  2061 | D:3      | Killed from afar by an orc wizard

Illustrated notes

Levels and vault maps discovered:
D:1:      sevenhm_arrival_forest_fort_large_4, layout_loops_ring, nrook_uturn
D:2:      layout_loops_ring, mrwooster_statue_mirror, kennysheep_generic_room_2
D:3:      layout_loops_ring, minmay_randomly_rotated_circles

Skill      XL: |  1  2  3  4 |
---------------+-------------+-----
Armour         | 4 |  4.1
Fighting       | 4 |  4.1
Shields        | 4 |  4.1
Maces & Flails | |  2.9

Action                   |  1- 3 |  4- 6 || total
-------------------------+-------+-------++-------
Melee: Flail             |   155 |    70 ||   225
  Use: Potion            |       |     5 ||     5
       Scroll            |       |     1 ||     1
Armor: Scale mail        |    83 |    67 ||   150
Dodge: Dodged            |    49 |    17 ||    66
Block: Kite shield       |    79 |    38 ||   117
